 Dungeon Crawl Stone Soup version 0.19-a0-867-g949743d (webtiles) character file.

487 matakusis the Ducker (level 6, -1/48 HPs)
             Began as a Demonspawn Gladiator on July 3, 2016.
             Slain by a worker ant (4 damage)
             ... on level 5 of the Dungeon.
             The game lasted 00:13:25 (3692 turns).

matakusis the Ducker (Demonspawn Gladiator)         Turns: 3692, Time: 00:13:26

Health: -1/48      AC:  7    Str: 19    XL:     6   Next: 89%
Magic:  6/6        EV: 20    Int:  9    God:
Gold:   270        SH:  0    Dex: 20    Spells: 0 memorised, 5 levels left

rFire  . . .     SeeInvis .     a - +1 long sword
rCold  + . .     Gourm    .     b - +1 leather armour
rNeg   . . .     Faith    .     (no shield)
rPois  +         Spirit   .     c - +0 helmet
rElec  .         Dismiss  .     (no cloak)
rCorr  .         Reflect  .     (no gloves)
SustAt .         Harm     .     (no boots)
MR     .....                    (no amulet)
Stlth  ++........               r - +3 ring of strength
                                p - ring of poison resistance

@: agile, not resistant to hostile enchantments, unstealthy
A: hooves 2, yellow scales 1, cold resistance 1
a: no special abilities


You were on level 5 of the Dungeon.
You were hungry.

You visited 1 branch of the dungeon, and saw 5 of its levels.

You collected 270 gold pieces.

Inventory:

Hand Weapons
 a - a +1 long sword (weapon)
Missiles
 d - 3 throwing nets (quivered)
Armour
 b - a +1 leather armour (worn)
 c - a +0 helmet (worn)
Jewellery
 l - an uncursed ring of ice
 p - a ring of poison resistance (left hand)
 r - a +3 ring of strength (right hand)
Wands
 n - a wand of teleportation (6/9)
 s - a wand of acid (8/15)
Scrolls
 k - 2 scrolls of remove curse
Potions
 e - a potion of magic
 g - a potion of cure mutation
 j - a potion of flight
 u - a potion of haste
Books
 t - a book of Callings

   Spells                             Type                      Level
   a - Summon Small Mammal            Summoning                    1
   b - Call Imp                       Summoning                    2
   c - Call Canine Familiar           Summoning                    3
   d - Summon Guardian Golem          Hexes/Summoning              3
   e - Summon Lightning Spire         Summoning/Air                4
   f - Summon Ice Beast               Ice/Summoning                4
 v - a book of Battle

   Spells                             Type                      Level
   a - Infusion                       Charms                       1
   b - Shroud of Golubria             Charms/Translocation         2
   c - Song of Slaying                Charms                       2
   d - Spectral Weapon                Hexes/Charms                 3
   e - Regeneration                   Charms/Necromancy            3
Comestibles
 f - 2 bread rations
 h - 2 meat rations


   Skills:
 * Level 4.0 Fighting
 + Level 4.3 Long Blades
 - Level 1.7 Throwing
 * Level 5.3 Dodging


You had 5 spell levels left.
You didn't know any spells.

Dungeon Overview and Level Annotations

Branches:
Dungeon (5/15)
 Temple: D:4-7

Altars:
Dithmenos
Nemelex Xobeh
Pakellas


Innate Abilities, Weirdness & Mutations

You have hoof-like feet.
You are partially covered in yellow scales. (AC +2)
Your flesh is cold resistant. (rC+)


Message History

The orc is heavily wounded.
The worker ant completely misses you.
You completely miss the worker ant. You kick the worker ant.
The worker ant is heavily wounded.
The phantom blinks!
The worker ant bites you but does no damage.
The orc closely misses you.
You riposte.
You hit the orc. You kick the orc, but do no damage.
The orc is almost dead.
The orc wizard casts a spell.
The orc wizard blinks!
You hit the orc.
You kill the orc!
The worker ant closely misses you.
You riposte.
You hit the worker ant but do no damage.
You kick the worker ant, but do no damage.
The worker ant is heavily wounded.
The orc wizard hits you but does no damage.
The worker ant bites you.
You die...

.......# ......#
...$..###
#./....#
#...W..#
#......# .
#..)...## ...
#.<....a###.....
#..))..)@o.#
#......###......
#####...........
#.##### #### ..#
####


You could see a phantom, a worker ant and an orc wizard.

Vanquished Creatures
  An ogre (D:4)
  The ghost of Gagarin the Sneak, an amateur VSEn of Okawaru (D:3)
  A howler monkey (D:4)
  A hound (D:4)
  2 orc priests
  An orc wizard (D:5)
  A worker ant (D:4)
  3 adders
  A shadow imp (D:3)
  2 oozes (D:1)
  An adder zombie (D:4)
  An adder skeleton (D:4)
  A worm (D:3)
  2 dart slugs
  14 orcs
  6 giant cockroaches
  10 goblins
  3 hobgoblins
  13 jackals
  3 quokkas
  A ball python (D:1)
  11 bats
  3 giant newts
  10 kobolds
  6 rats (D:2)
99 creatures vanquished.

Notes
Turn   | Place    | Note
-------+----------+-------------------------------------------
     0 | D:1      | matakusis the Demonspawn Gladiator began the quest for the Orb.
     0 | D:1      | Reached XP level 1. HP: 16/16 MP: 1/1
   125 | D:1      | Gained mutation: Your flesh is cold resistant. (rC+) [demonic ancestry]
   125 | D:1      | Reached XP level 2. HP: 17/22 MP: 2/2
   248 | D:1      | Reached skill level 3 in Dodging
   935 | D:2      | Reached XP level 3. HP: 28/28 MP: 3/3
  1859 | D:2      | Found a shadowy altar of Dithmenos.
  2016 | D:3      | Gained mutation: You have large cloven feet. [demonic ancestry]
  2016 | D:3      | Reached XP level 4. HP: 24/34 MP: 4/4
  2057 | D:3      | Found an oddly glowing altar of Pakellas.
  2236 | D:3      | Found a sparkling altar of Nemelex Xobeh.
  2290 | D:3      | Noticed Gagarin's ghost (amateur VSEn)
  2303 | D:3      | Killed Gagarin's ghost
  2303 | D:3      | Reached skill level 4 in Dodging
  2303 | D:3      | Gained mutation: You have hoof-like feet. [demonic ancestry]
  2303 | D:3      | Reached XP level 5. HP: 35/40 MP: 5/5
  2807 | D:4      | Noticed an ogre
  2809 | D:4      | HP: 2/41 [ogre/giant club (10)]
  2825 | D:4      | HP: 1/41 [ogre/giant club (3)]
  2827 | D:4      | Killed an ogre
  2827 | D:4      | Gained mutation: You are partially covered in yellow scales. (AC +2) [demonic ancestry]
  2827 | D:4      | Reached XP level 6. HP: 1/47 MP: 6/6
  3234 | D:4      | Reached skill level 5 in Dodging
  3668 | D:5      | Entered Level 5 of the Dungeon
  3688 | D:5      | HP: 2/48 [orc/mace (3)]
  3692 | D:5      | Slain by a worker ant

Vault maps used:
D:1:      dpeg_arrival_chambers_temple_mockup
D:2:      grunt_dithmenos_smoke_and_mirrors, minmay_tetromino_i4
D:3:      nicolae_overflow_crystal_walls, grunt_pakellas_basics
D:4:      serial_bayou, serial_bayou_pond_a, serial_bayou_crossing,
          serial_bayou_pond_b, serial_bayou_pond_c, serial_bayou_lagoon_b,
          serial_bayou_ford_a
D:5:      first_bread

Skill      XL: |  1  2  3  4  5  6 |
---------------+-------------------+-----
Dodging        | 3 4 5 |  5.3
Long Blades    | 3 4 |  4.3
Fighting       | 3 4 |  4.0
Throwing       | |  1.7

Action                   |  1- 3 |  4- 6 || total
-------------------------+-------+-------++-------
Melee: Long sword        |   166 |   195 ||   361
       Kick              |       |    58 ||    58
  Use: Scroll            |       |    12 ||    12
       Potion            |       |     2 ||     2
 Stab: Sleeping          |     1 |       ||     1
  Eat: Chunk             |     4 |     5 ||     9
Armor: Leather armour    |    32 |    44 ||    76
Dodge: Dodged            |   114 |   123 ||   237
